 Dungeon Crawl Stone Soup version 0.29-a0-364-g921d912d32 (webtiles) character file.

Game seed: 38344502200172980

0 freelancePsychic the Skirmisher (level 1, 0/18 HPs)
             Began as a Demonspawn Chaos Knight on Apr 30, 2022.
             Was a Plaything of Xom.
             Slain by a quokka (3 damage)
             ... on level 1 of the Dungeon.
             The game lasted 00:01:48 (115 turns).

freelancePsychic the Skirmisher (DsCK)               Turns: 115, Time: 00:01:48

Health: 0/18       AC:  5    Str: 12    XL:     1   Next: 8%
Magic:  1/1        EV: 11    Int: 13    God:    Xom [..*...]
Gold:   0          SH:  0    Dex: 12    Spells: 0/0 levels left

rFire   . . .      SeeInvis .   a - +0 mace (chaos)
rCold   . . .      Faith    .   (no shield)
rNeg    . . .      Spirit   .   b - +2 leather armour
rPois   .          Reflect  .   (no helmet)
rElec   .          Harm     .   (no cloak)
rCorr   .          Rampage  .   (no gloves)
Will    .....                   (no boots)
Stlth   +.........              (no amulet)
HPRegen 0.06/turn               (no ring)
MPRegen 0.07/turn               (no ring)

@: no status effects
A: no striking features
a: Renounce Religion


You were on level 1 of the Dungeon.
You worshipped Xom.
You were a toy of Xom.
You visited 1 branch of the dungeon, and saw 1 of its levels.

Inventory:

Hand Weapons
 a - a +0 mace of chaos (weapon)
Armour
 b - a +2 leather armour (worn)
Scrolls
 d - a scroll of identify {unknown}
Miscellaneous
 c - a piece from Xom's chessboard (12/15) (quivered)


   Skills:
 + Level 3.0 Fighting
 * Level 2.7 Maces & Flails
 - Level 1.7 Armour
 - Level 0.8 Dodging


You couldn't memorise any spells.
You didn't know any spells.
Your spell library contained the following spells:

 Spells                   Type           Power      Damage    Failure   Level
 Ignite Poison            Fire/Tmut/Pois 0%         N/A       75%         3
 Mephitic Cloud           Conj/Pois/Air  0%         N/A       75%         3
 Freezing Cloud           Conj/Ice/Air   0%         6-21      100%        5


Dungeon Overview and Level Annotations

Branches:
Dungeon (1/15)

Altars:


Message History

A bat comes into view.
The bat misses you. The quokka bites you.
The bat moves out of view.
The bat barely misses you. The bat hits you but does no damage.
The quokka attacks as you move away! The quokka bites you.
Found a stone staircase leading down.
The bat hits you.
The quokka bites you but does no damage.
You closely miss the bat. The bat hits you but does no damage.
The quokka barely misses you. The bat hits you but does no damage.
The quokka bites you but does no damage.
The quokka attacks as you move away! The quokka closely misses you.
Found 2 red potions.
The bat barely misses you. The rat bites you.
The quokka attacks as you move away!
The quokka bites you but does no damage.
The bat barely misses you. The rat closely misses you. The quokka bites you.
The bat barely misses you. The bat hits you. The bat barely misses you.
There is a stone staircase leading down here.
The bat attacks as you move away! The bat hits you but does no damage. x4
You barely miss the bat. The bat barely misses you.
The bat hits you but does no damage. x2; The quokka bites you.
The quokka closely misses you.
You aren't carrying any potions.
Non-targeted evoke: piece from Xom's chessboard (13/15)
Press: ? - help, Q - select action Dir - look around, f - activate You make a move on Xom's chessboard...
The quokka seems to grow stronger.
The bat closely misses you. The rat bites you but does no damage.
The bat hits you.
* * * LOW HITPOINT WARNING * * *
The quokka misses you.
You barely miss the rat. The bat hits you but does no damage. x2
The bat hits you.
* * * LOW HITPOINT WARNING * * *
The quokka closely misses you. The rat closely misses you.
The bat barely misses you.
You closely miss the rat.
The bat barely misses you. x2; The quokka bites you.
* * * LOW HITPOINT WARNING * * *
The rat bites you but does no damage. The quokka bites you.
You die...

...####### ###
...........###..
#####................
#................#...
#...... .........#...
#!....# #...# #.≈≈≈≈
#....b####...###.†..8
#....b...#.......≈.##
###...@......).....≈8#≈
#....rr.......T....≈.#≈
#.##..g............≈.#≈
#..................≈.#≈
####.....#########.≈.#≈
#.............#.≈.##
#.###.........#.≈.#.
#.............#G≈.#≈
#............##.≈.#≈


You could see a quokka (strong), a hobgoblin, 2 bats and a rat.

Vanquished Creatures
  A bat (D:1)
1 creature vanquished.

Notes
Turn   | Place    | Note
-------+----------+-------------------------------------------
     0 | D:1      | freelancePsychic the Demonspawn Chaos Knight began the
                  | quest for the Orb.
     0 | D:1      | Reached XP level 1. HP: 18/18 MP: 1/1
    72 | D:1      | Noticed a glowing shapeshifter
    72 | D:1      | a kobold changed into a glowing shapeshifter
    72 | D:1      | Noticed a cyclops
    72 | D:1      | a glowing shapeshifter changed into a cyclops
    76 | D:1      | XOM: potion effect (curing)
    76 | D:1      | Noticed a deep troll
    76 | D:1      | a cyclops changed into a deep troll
    80 | D:1      | XOM: silly message
    81 | D:1      | XOM: silly message
    82 | D:1      | Noticed a lindwurm
    82 | D:1      | a deep troll changed into a lindwurm
    84 | D:1      | Noticed a shining eye
    84 | D:1      | a lindwurm changed into a shining eye
   115 | D:1      | Slain by a quokka

Illustrated notes

Levels and vault maps discovered:
D:1:      lightli_arrival_isolated_outpost, layout_basic, minmay_small_reverse_x

Action                   || total
-------------------------++-------
Melee: Mace              ||    11
Evoke: Piece from Xom's  ||     3
Armor: Leather armour    ||    38
Dodge: Dodged            ||    44

Table legend: (Time is in decaauts)
 A = Elapsed time spent in this place.
 B = Non-inter-level travel time spent in this place.
 C = Inter-level travel time spent in this place.
 D = Time resting spent in this place.
 E = Time spent auto-exploring this place.
 F = Levels seen in this place.
 G = Mean time per level.
                   A        B        C        D        E       F      G
               +--------+--------+--------+--------+--------+-----+--------+
         Total |    120 |    120 |      0 |      0 |     52 |   1 |  120.0 |
       Dungeon |    120 |    120 |      0 |      0 |     52 |   1 |  120.0 |
               +--------+--------+--------+--------+--------+-----+--------+

Top non-repeatable levels by time:
     D:1: 120 daAuts
